Description

Это очень крутой билд!

Replay - Escanor v UnavailablLv - Катализатор РВ

Build Order

Get SALT Encoding   

  12  0:00  SCV  
  13  0:13  SCV  
  14  0:17  Supply Depot  
  14  0:25  SCV  
  15  0:29  Refinery  
  15  0:39  SCV  
  16  0:45  Barracks  
  16  0:51  SCV  
  17  1:03  SCV  
  18  1:15  SCV  
  19  1:34  Reaper, Orbital Command  
  20  1:50  Command Center  
  20  2:02  Factory  
  20  2:06  SCV  
  21  2:08  Barracks Reactor  
  21  2:14  Supply Depot  
  21  2:18  SCV  
  22  2:24  Refinery  
  22  2:30  SCV  
  24  2:45  Marine x2  
  24  2:47  Factory Tech Lab  
  27  3:00  Factory  
  27  3:03  Orbital Command  
  27  3:07  Refinery  
  28  3:15  Siege Tank  
  31  3:20  Marine x2  
  34  3:40  Marine x2  
  36  3:44  Supply Depot  
  36  3:47  Factory Tech Lab, Siege Tank  
  41  4:00  Marine x2  
  43  4:07  Siege Tank  
  47  4:16  Supply Depot  
  48  4:19  Siege Tank  
  52  4:38  Marine x2  
  52  4:42  Siege Tank  
  58  4:48  Supply Depot  
  59  4:55  Siege Tank  
  64  5:18  Siege Tank, Bunker  
  68  5:34  Siege Tank  
  71  5:36  Bunker  
  71  5:37  Engineering Bay  
  73  5:51  Command Center  
  73  5:56  Siege Tank  
  71  6:21  Command Center  
  67  6:43  Siege Tank  
  55  7:28  Orbital Command  
  55  7:35  Orbital Command  
Spawning Tool Build Advisor. Get it on Overwolf

Go to:

Details

  • Created by: ASTIK
  • Published on: Jan 19, 2018
  • Modified on: Jan 19, 2018
  • Patch: 4.0.0
Show
View Real Time Build Order
Export as new Build Order

Comments (0)

There are no comments. Be the first!

Create an account to comment!